 Dungeon Crawl Stone Soup version 0.22-a0-373-gab1296c (webtiles) character file.

5751 puppykicker the Cleaver (level 10, -4/79 HPs)
             Began as a Minotaur Arcane Marksman on Apr 26, 2018.
             Was a Believer of Kikubaaqudgha.
             Slain by a freezing wraith (5 damage)
             ... on level 9 of the Dungeon.
             The game lasted 00:41:37 (10405 turns).

puppykicker the Cleaver (Minotaur Arcane Marksman) Turns: 10405, Time: 00:41:38

Health: -4/79      AC:  9    Str: 19    XL:     10   Next: 49%
Magic:  12/12      EV: 13    Int: 13    God:    Kikubaaqudgha [**....]
Gold:   572        SH:  0    Dex: 12    Spells: 1/14 levels left

rFire    + . .     SeeInvis .   a - +4 morningstar
rCold    + . .     Gourm    .   (no shield)
rNeg     . . .     Faith    .   l - +2 robe {rC+ rF+}
rPois    .         Spirit   .   (helmet restricted)
rElec    .         Reflect  .   c - +0 cloak
rCorr    .         Harm     .   (no gloves)
MR       .....                  (no boots)
Stlth    +.........             m - amulet of regeneration
HPRegen  0.63/turn              g - ring of wizardry
MPRegen  0.13/turn              (no ring)

@: mighty, about to teleport, slowed, very slow
A: retaliatory headbutt, horns 2, icy blue scales 1, molten scales 1, MP-powered
wands
a: Receive Corpses, Renounce Religion


You were on level 9 of the Dungeon.
You worshipped Kikubaaqudgha.
Kikubaaqudgha was pleased with you.
You were not hungry.

You visited 2 branches of the dungeon, and saw 11 of its levels.

You collected 572 gold pieces.


Innate Abilities, Weirdness & Mutations

You reflexively headbutt those who attack you in melee.
You have a pair of horns on your head.
You are partially covered in icy blue scales. (AC +2)
You are partially covered in molten scales. (AC +2)
You expend magic power (3 MP) to strengthen your wands.


   Skills:
 - Level 4.3 Fighting
 * Level 11.1 Axes
 + Level 8.1 Bows
 - Level 4.3 Armour
 - Level 4.0 Dodging
 - Level 2.5 Spellcasting
 - Level 4.0 Hexes
 + Level 1.9 Charms
 + Level 2.1 Necromancy
 - Level 2.5 Translocations


You had one spell level left.
You knew the following spells:

 Your Spells              Type           Power        Failure   Level  Hunger
b - Slow                  Hex            ##......     2%          2    ###....
c - Portal Projectile     Hex/Tloc       ##....       8%          3    ###....
d - Confuse               Hex            ##......     6%          3    ###....
r - Regeneration          Chrm/Necr      #.........   12%         3    ###....
s - Infusion              Chrm           #...         4%          1    #......
z - Animate Skeleton      Necr           N/A          4%          1    #......

Inventory:

Hand Weapons
 a - a +4 morningstar (weapon)
 b - a +0 shortbow
 w - a +2 antimagic battleaxe
 z - a +0 war axe
Missiles
 d - 170 arrows
 r - 42 poisoned needles
 D - 8 tomahawks (quivered)
Armour
 c - a +0 cloak (worn)
 l - a +2 robe of resistance (worn)
 v - a +0 ring mail
 H - a +0 plate armour
Jewellery
 e - an uncursed ring of fire
 g - a ring of wizardry (left hand)
 m - an amulet of regeneration (around neck)
 x - an uncursed ring of ice
Wands
 E - a wand of polymorph (17)
Scrolls
 h - a scroll of amnesia
 i - a scroll of magic mapping {unknown}
 j - a scroll of vulnerability {!r}
 y - a scroll of fog {unknown}
 B - a scroll of blinking {unknown}
 C - a scroll of enchant armour {unknown}
 G - a scroll of immolation {!r}
 L - 5 scrolls of remove curse
 M - a scroll of holy word {unknown}
 T - 7 scrolls of teleportation
Potions
 n - 3 potions of heal wounds
 o - 2 potions of cancellation
 q - a potion of degeneration {unknown}
 s - a potion of magic
 t - a potion of ambrosia
 u - 2 potions of berserk rage
 A - 3 potions of flight
 F - a potion of curing
 I - a potion of lignification {!q}
Comestibles
 f - 9 rations

Dungeon Overview and Level Annotations

Branches:
Dungeon (10/15)            Temple (1/1) D:7
   Lair: D:8-11         Orc: D:9-12

Altars:
Ashenzari
Cheibriados
Dithmenos
Elyvilon
Fedhas
Gozag
Hepliaklqana
Kikubaaqudgha
Makhleb
Nemelex Xobeh
Okawaru
Qazlal
Ru
Sif Muna
Trog
Uskayaw
Vehumet
Wu Jian
Xom
Yredelemnul
Zin
The Shining One

############ # ...........#######
# ##########.......####### #
###...........# # #.###.#####.# #
#.# #.# #.######## # ###.###@##
#........# # ##
#......WD###########.# # .#
#......§§.......####.###
.#########...§...................
.........(........).####.####.#..
..#####.............# #.# #.#..
..# #.#####.#.#...## #.# #.#..
..# #.# #.#.#.5..###.####.... ..#
#.# #.#.#..<.............


You could see a freezing wraith and a steam dragon.


Message History

The freezing wraith barely misses you. You furiously retaliate!
You headbutt the freezing wraith. The freezing wraith hits you.
* * * LOW HITPOINT WARNING * * *
The steam dragon breathes steam at you. The ball of steam hits you! You resist.
* * * LOW HITPOINT WARNING * * *
You climb upwards.
There is a stone staircase leading down here.
As you read the scroll of teleportation, it crumbles to dust.
You feel strangely unstable.
The crimson imp blinks!
The freezing wraith hits you!
* * * LOW HITPOINT WARNING * * *
The freezing wraith freezes you! You resist.
* * * LOW HITPOINT WARNING * * *
The freezing wraith misses you. The steam dragon breathes steam at you.
The ball of steam misses you.
The crimson imp blinks!
Unknown command.
The freezing wraith is engulfed in a cloud of scalding steam.
The freezing wraith hits you.
* * * LOW HITPOINT WARNING * * *
The freezing wraith freezes you! You resist.
* * * LOW HITPOINT WARNING * * *
The freezing wraith closely misses you.
The freezing wraith is engulfed in a cloud of scalding steam.
The freezing wraith hits you!
* * * LOW HITPOINT WARNING * * *
The freezing wraith freezes you. You resist.
You die...
Kikubaaqudgha rasps: "You have failed me!
Welcome... death!"

Action                   |  1- 3 |  4- 6 |  7- 9 | 10-12 || total
-------------------------+-------+-------+-------+-------++-------
Melee: Club              |    33 |       |       |       ||    33
       Headbutt          |     4 |    14 |    37 |    13 ||    68
       Short sword       |    14 |       |       |       ||    14
       War axe           |     8 |   208 |    77 |       ||   293
       Flail             |       |       |   178 |    39 ||   217
       Battleaxe         |       |       |    10 |       ||    10
       Unarmed           |       |       |     5 |       ||     5
       Morningstar       |       |       |       |    65 ||    65
 Fire: Shortbow          |    47 |       |    78 |    11 ||   136
Throw: Tomahawk          |       |       |     1 |       ||     1
 Cast: Slow              |     1 |       |    13 |       ||    14
       Confuse           |       |       |     2 |       ||     2
       Regeneration      |       |       |     1 |       ||     1
       Animate Skeleton  |       |       |       |     1 ||     1
Evoke: Wand              |       |       |       |     3 ||     3
  Use: Potion            |     2 |     2 |     1 |     4 ||     9
       Scroll            |       |     5 |    14 |     3 ||    22
 Stab: Sleeping          |       |       |     1 |       ||     1
  Eat: Chunk             |     2 |     8 |    11 |     1 ||    22
       Ration            |       |       |     2 |     2 ||     4
Armor: Robe              |    20 |       |    18 |    33 ||    71
       Skin              |    17 |     7 |       |       ||    24
       Leather armour    |       |    80 |    21 |       ||   101
       Ring mail         |       |       |    90 |       ||    90
Dodge: Dodged            |    68 |   167 |   162 |    70 ||   467

Vault maps used:
D:1:      onia_arrival_mini_spirals
D:2:      first_ration
D:3:      nicolae_gozag_cash_rules_everything_around_me, uniq_robin
D:4:      portal_sewer_entry_b, uniq_edmund, uniq_eustachio
D:6:      dancing_weapons_uskayaw, fedhas_altar_2
D:7:      brannock_xom_greatest_gift, temple_hall
D:8:      nicolae_ru_path_of_blood, uniq_pikel
D:10:     cheibrodos_fzero, dpeg_lair_monsters, serial_shops,
          kennysheep_mini_moat
Temple:   dpeg_five_rooms_temple

Notes
Turn   | Place    | Note
-------+----------+-------------------------------------------
     0 | D:1      | puppykicker the Minotaur Arcane Marksman began the quest for the Orb.
     0 | D:1      | Reached XP level 1. HP: 16/16 MP: 1/1
   429 | D:1      | Reached XP level 2. HP: 22/23 MP: 2/2
   433 | D:1      | Learned a level 2 spell: Slow
   812 | D:2      | Reached skill level 1 in Armour
   816 | D:2      | HP: 3/34 [poisoned by an adder]
   824 | D:2      | HP: 2/34 [poisoned by an adder]
  1163 | D:2      | Reached XP level 3. HP: 27/29 MP: 3/3
  1294 | D:2      | Reached skill level 3 in Bows
  1423 | D:2      | Reached XP level 4. HP: 36/36 MP: 4/4
  2109 | D:3      | Reached skill level 2 in Fighting
  2266 | D:3      | Reached skill level 1 in Axes
  2293 | D:3      | Noticed Synzig's ghost (amateur GnMo)
  2437 | D:3      | Reached skill level 2 in Armour
  2662 | D:3      | Noticed Robin
  2672 | D:3      | Reached XP level 5. HP: 39/41 MP: 6/6
  2697 | D:3      | Killed Robin
  2702 | D:3      | Reached skill level 3 in Dodging
  3031 | D:3      | Found an opulent altar of Gozag.
  3289 | D:4      | Reached skill level 2 in Axes
  3298 | D:4      | HP: 3/61 [iguana (5)]
  3300 | D:4      | Reached skill level 3 in Axes
  3389 | D:4      | Noticed Eustachio
  3393 | D:4      | Noticed Edmund
  3448 | D:4      | Reached XP level 6. HP: 48/48 MP: 7/7
  3762 | D:4      | Reached skill level 4 in Bows
  3852 | D:4      | Gained mutation: You are partially covered in molten scales. (AC +2) [potion of mutation]
  3852 | D:4      | Gained mutation: You expend magic power (3 MP) to strengthen your wands. [potion of mutation]
  3852 | D:4      | Gained mutation: You are partially covered in icy blue scales. (AC +2) [potion of mutation]
  3863 | D:4      | Killed Eustachio
  3863 | D:4      | Reached skill level 5 in Axes
  4076 | D:4      | Reached XP level 7. HP: 42/55 MP: 8/8
  4416 | D:5      | Entered Level 5 of the Dungeon
  4537 | D:5      | Reached skill level 6 in Axes
  4537 | D:5      | Reached skill level 5 in Bows
  4704 | D:5      | Reached skill level 7 in Axes
  4934 | D:5      | Learned a level 3 spell: Portal Projectile
  4938 | D:5      | Learned a level 3 spell: Confuse
  5351 | D:5      | Killed Edmund
  5351 | D:5      | Reached XP level 8. HP: 61/61 MP: 9/9
  5406 | D:6      | Noticed a dagger
  5407 | D:6      | Found a hide-covered altar of Uskayaw.
  5408 | D:6      | Noticed a dagger
  5460 | D:6      | Found a blossoming altar of Fedhas.
  5514 | D:6      | Reached skill level 6 in Bows
  5550 | D:6      | Reached skill level 8 in Axes
  5550 | D:6      | Reached skill level 1 in Translocations
  5655 | D:6      | Reached skill level 3 in Hexes
  6115 | D:7      | Noticed a two-headed ogre
  6303 | D:7      | Found a shimmering altar of Xom.
  6771 | D:7      | Killed a two-headed ogre
  6771 | D:7      | Reached skill level 9 in Axes
  6771 | D:7      | Reached skill level 2 in Spellcasting
  6771 | D:7      | Reached skill level 2 in Translocations
  6771 | D:7      | Reached XP level 9. HP: 30/67 MP: 2/11
  6887 | D:7      | Reached skill level 7 in Bows
  7010 | D:7      | Found a staircase to the Ecumenical Temple.
  7022 | Temple   | Entered the Ecumenical Temple
  7212 | Temple   | Became a worshipper of Kikubaaqudgha
  7335 | D:7      | Learned a level 3 spell: Regeneration
  7338 | D:7      | Learned a level 1 spell: Infusion
  7641 | D:8      | Identified a +2 robe of resistance (You found it on level 7 of the Dungeon)
  7710 | D:8      | Noticed Pikel
  7736 | D:8      | Killed Pikel
  7736 | D:8      | Reached skill level 10 in Axes
  7863 | D:8      | Reached skill level 1 in Necromancy
  7866 | D:8      | Reached skill level 3 in Armour
  7931 | D:8      | Reached * piety under Kikubaaqudgha
  7931 | D:8      | Identified Kikubaaqudgha's Volume of Darkness (Kikubaaqudgha gifted it to you on level 8 of the Dungeon)
  7931 | D:8      | Received a gift from Kikubaaqudgha
  7948 | D:8      | Learned a level 1 spell: Animate Skeleton
  7967 | D:8      | Reached skill level 3 in Fighting
  7967 | D:8      | Reached skill level 1 in Charms
  8070 | D:8      | Noticed a two-headed ogre
  8071 | D:8      | Reached skill level 4 in Hexes
  8144 | D:8      | HP: 6/70 [scorpion (8)]
  8149 | D:8      | HP: 5/70 [poisoned by a scorpion]
  8155 | D:8      | HP: 6/70 [poisoned by a scorpion]
  8161 | D:8      | HP: 7/70 [poisoned by a scorpion]
  8285 | D:7      | HP: 7/70 [two-headed ogre/giant club (23)]
  8654 | D:8      | Found a sacrificial altar of Ru.
  8703 | D:8      | Reached XP level 10. HP: 75/77 MP: 12/12
  9073 | D:9      | Reached skill level 4 in Dodging
  9492 | D:9      | Reached ** piety under Kikubaaqudgha
  9943 | D:3      | Killed Synzig's ghost
 10232 | D:10     | Entered Level 10 of the Dungeon
 10302 | D:10     | Noticed a six-headed hydra
 10309 | D:10     | HP: 1/78 [six-headed hydra (16)]
 10310 | D:10     | Killed a six-headed hydra
 10310 | D:10     | Reached skill level 4 in Fighting
 10310 | D:10     | Reached skill level 11 in Axes
 10310 | D:10     | Reached skill level 8 in Bows
 10310 | D:10     | Reached skill level 4 in Armour
 10310 | D:10     | Reached skill level 2 in Necromancy
 10405 | D:9      | HP: 1/79 [freezing wraith (10)]
 10405 | D:9      | Slain by a freezing wraith

Vanquished Creatures
  A hydra (D:10)
  A two-headed ogre (D:7)
  Pikel (D:8)
  A troll (D:10)
  A hippogriff (D:7)
  Eustachio (D:4)
  A hungry ghost (D:9)
  Edmund (D:5)
  A slave (D:8)
  An orc warrior (D:8)
  A sky beast (D:6)
  3 ice beasts
  The ghost of Synzig the Ducker, an amateur GnMo (D:3)
  2 ogres
  3 phantoms
  4 centaurs
  4 bullfrogs
  2 scorpions
  A water moccasin skeleton (D:6)
  14 wights
  A howler monkey (D:8)
  2 bullfrog zombies
  A crimson imp (D:8)
  A quasit (D:8)
  4 hounds
  2 orc priests (D:8)
  A jelly (D:6)
  5 orc wizards
  2 bullfrog skeletons
  2 centaur skeletons (D:4)
  4 iguanas
  4 worker ants
  A hound zombie (D:8)
  A hound skeleton (D:10)
  Robin (D:3)
  A howler monkey zombie (D:8)
  A gnoll (D:8)
  12 adders
  2 shadow imps
  An ooze (D:2)
  An adder skeleton (D:9)
  7 worms
  6 leopard geckos
  21 orcs
  4 bats
  8 giant cockroaches
  19 goblins
  6 hobgoblins
  13 jackals
  5 kobolds
  6 quokkas
  3 ball pythons (D:4)
  A frilled lizard (D:2)
  2 jackal skeletons (D:7)
  11 rats
207 creatures vanquished.

Vanquished Creatures (others)
  2 slaves (D:8)
  3 gnolls (D:8)
5 creatures vanquished.

Grand Total: 212 creatures vanquished
